 Dungeon Crawl Stone Soup version 0.24.1-4-ge52af88ad5 (webtiles) character file.

Game seed: 13188843268118009948, levelgen mode: deterministic

616 Gabide the Shield-Bearer (level 7, 0/52 HPs)
             Began as a Human Fighter on Apr 15, 2020.
             Was a Plaything of Xom.
             Slain by a shadow (26 damage)
             ... summoned by the capriciousness of Xom
             ... on level 5 of the Dungeon.
             The game lasted 00:18:59 (3460 turns).

Gabide the Shield-Bearer (Human Fighter)            Turns: 3460, Time: 00:19:00

Health: 0/52       AC: 19    Str: 18    XL:     7   Next: 73%
Magic:  7/7        EV: 17    Int:  9    God:    Xom [..*...]
Gold:   22         SH: 13    Dex: 12    Spells: 6/6 levels left

rFire    . . .     SeeInvis .   a - +1 flail
rCold    . . .     Gourm    .   c - +0 shield
rNeg     . . .     Faith    .   d - +4 chain mail
rPois    .         Spirit   .   p - +1 helmet
rElec    .         Reflect  +   w - +0 cloak
rCorr    .         Harm     .   g - +0 pair of gloves
MR       .....                  A - +0 pair of boots
Stlth    ..........             k - +4 amulet of reflection
HPRegen  0.17/turn              h - +5 ring of evasion
MPRegen  0.10/turn              o - +6 ring of evasion

@: no status effects
A: no striking features
a: Renounce Religion


You were on level 5 of the Dungeon.
You worshipped Xom.
You were a toy of Xom.
You were not hungry.

You visited 2 branches of the dungeon, and saw 6 of its levels.

You collected 216 gold pieces.
You spent 194 gold pieces at shops.

Inventory:

Hand Weapons
 a - a +1 flail (weapon)
 m - a +1 spear of freezing
 v - a +2 quarterstaff of chaos
Missiles
 e - 5 boomerangs (quivered)
 l - 2 throwing nets
Armour
 c - a +0 shield (worn)
 d - a +4 chain mail (worn)
 g - a +0 pair of gloves (worn)
 p - a +1 helmet (worn)
 w - a +0 cloak (worn)
 A - a +0 pair of boots (worn)
Jewellery
 h - a +5 ring of evasion (left hand)
 k - a +4 amulet of reflection (around neck)
 o - a +6 ring of evasion (right hand)
Wands
 t - a wand of iceblast (10)
Scrolls
 n - a scroll of amnesia
 r - 2 scrolls of remove curse
Potions
 i - a potion of agility
 j - 3 potions of curing
 u - a potion of flight {unknown}
 x - a potion of heal wounds {unknown}
 z - 2 potions of mutation
Comestibles
 b - 3 chunks of flesh
 f - 3 rations


   Skills:
 + Level 3.5 Fighting
 + Level 4.8 Maces & Flails
 + Level 2.0 Throwing
 * Level 3.9 Armour
 * Level 2.3 Dodging
 + Level 5.1 Shields


You had 6 spell levels left.
You didn't know any spells.
Your spell library contained the following spells:

 Spells                   Type           Power        Failure   Level  Hunger
 Beastly Appendage        Tmut           #.....       100%        1    ##.....
 Sticks to Snakes         Tmut           #.......     100%        2    ###....
 Spider Form              Tmut/Pois      #.........   100%        3    ####...
 Ice Form                 Ice/Tmut       #.......     100%        4    #####..
 Blade Hands              Tmut           #.........   100%        5    ######.


Dungeon Overview and Level Annotations

Branches:
Dungeon (5/15)             Temple (1/1) D:4

Altars:
Cheibriados
Dithmenos
Fedhas
Hepliaklqana
Makhleb
Nemelex Xobeh
Okawaru
Qazlal
Ru
Uskayaw
Xom
Yredelemnul
The Shining One

Shops:
D:4 *:%[[


Message History

Reactivating autopickup.
The shadow hits you.
You barely miss the shadow. You block the shadow's attack. x2
The shadow hits you.
Press: ? - help, v - describe, . - travel The floor.
You hit the shadow.
The shadow is lightly damaged.
The shadow closely misses you.
The shadow slips into darkness.
The shadow flickers and vanishes!
Deactivating autopickup; reactivate with Ctrl-A.
The shadow completely misses you.
Things that are here:
a sky beast corpse; a jackal skeleton You block the shadow's attack.
The shadow strikes at you from the darkness!
Ouch! That really hurt!
You die... "I guess I need a new plaything now."

........).......
..... .._.. ...# ##.
#..... ... #.(###...
#.....##[# ##.......#
.......#)###.........
.... #.÷..#.........
..... ##†W..(........
#.....#≈.#..<........
.......@........!....
....#<...............
.. ##...............
#.###.#......... #.
#..#...#...# ..
..##...#.... ...
.......## ... ...


You could see a shadow.

Vanquished Creatures
  A sky beast (D:5)
  An ice beast (D:5)
  3 orc wizards (D:4)
  Crazy Yiuf (D:3)
  Ijyb (D:3)
  A worker ant (D:4)
  Robin (D:3)
  4 gnolls (D:3)
  4 adders
  An ooze (D:3)
  A worm (D:3)
  4 dart slugs
  5 leopard geckos
  13 orcs
  A ball python (D:3)
  7 bats
  5 giant cockroaches
  18 goblins
  8 hobgoblins
  6 jackals
  4 kobolds
  5 frilled lizards
  8 rats
103 creatures vanquished.

Vanquished Creatures (collateral kills)
  Blork the orc (D:5)
  A hound (D:5)
2 creatures vanquished.

Grand Total: 105 creatures vanquished

Notes
Turn   | Place    | Note
-------+----------+-------------------------------------------
     0 | D:1      | Gabide the Human Fighter began the quest for the Orb.
     0 | D:1      | Reached XP level 1. HP: 18/18 MP: 1/1
    70 | D:1      | Reached XP level 2. HP: 5/24 MP: 2/2
   390 | D:1      | Reached XP level 3. HP: 29/29 MP: 3/3
   421 | D:1      | Reached skill level 1 in Throwing
   900 | D:2      | Found a hazy altar of Hepliaklqana.
  1058 | D:2      | Found a basalt altar of Yredelemnul.
  1058 | D:2      | Found a stormy altar of Qazlal.
  1064 | D:2      | Found a faded altar of an unknown god.
  1066 | D:2      | Found a sacrificial altar of Ru.
  1068 | D:2      | Found a sparkling altar of Nemelex Xobeh.
  1388 | D:3      | Noticed Robin
  1395 | D:3      | Reached XP level 4. HP: 30/35 MP: 4/4
  1433 | D:3      | Killed Robin
  1612 | D:3      | Reached skill level 1 in Dodging
  1612 | D:3      | Reached XP level 5. HP: 41/41 MP: 5/5
  2104 | D:3      | Noticed Ijyb
  2132 | D:3      | Killed Ijyb
  2132 | D:3      | Reached skill level 4 in Shields
  2132 | D:3      | Reached XP level 6. HP: 34/47 MP: 6/6
  2337 | D:3      | Found a runed translucent door.
  2338 | D:3      | Noticed Crazy Yiuf
  2347 | D:3      | Killed Crazy Yiuf
  2435 | D:4      | Found a staircase to the Ecumenical Temple.
  2708 | D:4      | Found Kudghif's General Store.
  2792 | D:4      | Bought a potion of haste for 140 gold pieces
  2805 | Temple   | Entered the Ecumenical Temple
  2837 | Temple   | Became a worshipper of Xom of Chaos
  2882 | D:4      | Found Nojam's Book Boutique.
  2905 | D:4      | Found Tozxoyl's Armour Boutique.
  2928 | D:4      | Found Veutzics's Armour Shoppe.
  2998 | D:4      | Found Ydiopp's Food Shop.
  3004 | D:4      | Reached XP level 7. HP: 49/52 MP: 7/7
  3033 | D:4      | XOM: harmless Erth miscast
  3235 | D:4      | Noticed a +0 dagger
  3235 | D:4      | Noticed a +0 dagger
  3236 | D:4      | Found a hide-covered altar of Uskayaw.
  3297 | D:4      | Bought a +0 pair of boots for 54 gold pieces
  3351 | D:5      | Entered Level 5 of the Dungeon
  3362 | D:5      | XOM: divination: detect creatures
  3364 | D:5      | Noticed Blork the orc
  3371 | D:5      | XOM: summons 3 hostile demons
  3379 | D:5      | XOM: scenery: create altars
  3388 | D:5      | Killed Blork the orc
  3421 | D:5      | Reached skill level 5 in Shields
  3451 | D:5      | XOM: medium Necr miscast
  3452 | D:5      | Noticed a shadow
  3452 | D:5      | Noticed a shadow
  3460 | D:5      | Slain by a shadow

Levels and vault maps discovered:
D:1:      tarquinn_simple_flora_water_e, layout_rooms
D:2:      layout_loops_ring, chequers_temple_overflow_minitemple,
          lemuel_coloured_pillars_altar
D:3:      layout_rooms, first_ration, minmay_fractal_squares_diagonal_5,
          uniq_ijyb, uniq_crazy_yiuf_cottage, uniq_robin
D:4:      layout_basic, dancing_weapons_uskayaw,
          minmay_temple_entry_drinking_statues, serial_shops,
          nicolae_shop_stone, nicolae_shop_statue_plus, shop,
          nicolae_shop_temple_entry_statues_fountains, shop,
          corexii_item_surrounded_by_moat
D:5:      layout_cave_pools, zin_academy, kennysheep_mini, lemuel_tele_altar,
          uniq_blork_the_orc, uniq_grinder, uniq_pikel, uniq_edmund
Temple:   jpeg_temple_island

Skill      XL: |  1  2  3  4  5  6  7 |
---------------+----------------------+-----
Throwing       | 1 2 |  2.0
Maces & Flails | 3 4 |  4.8
Dodging        | 1 2 |  2.3
Shields        | 4 5 |  5.1
Fighting       | |  3.5
Armour         | |  3.9

Action                   |  1- 3 |  4- 6 |  7- 9 || total
-------------------------+-------+-------+-------++-------
Melee: Flail             |   114 |   239 |    68 ||   421
Throw: Boomerang         |    24 |    27 |       ||    51
       Javelin           |       |     3 |       ||     3
       Throwing net      |       |     2 |       ||     2
  Use: Potion            |     2 |     2 |     2 ||     6
       Scroll            |     6 |     6 |     1 ||    13
  Eat: Chunk             |     1 |     6 |       ||     7
       Ration            |       |       |     1 ||     1
Armor: Scale mail        |    58 |   104 |       ||   162
       Chain mail        |       |     6 |    62 ||    68
Dodge: Dodged            |    50 |    72 |   194 ||   316
Block: Shield            |    77 |   192 |   150 ||   419
       Reflection        |       |     1 |       ||     1
